 Dungeon Crawl Stone Soup version 0.23.1-37-gaa34b87b72 (webtiles) character file.

Game seed: 14805351668651264050

18 1994 the Caller (level 2, -2/16 HPs)
             Began as a Tengu Summoner on Mar 20, 2019.
             Slain by an adder (4 damage)
             ... on level 2 of the Dungeon.
             The game lasted 00:04:53 (1505 turns).

1994 the Caller (Tengu Summoner)                    Turns: 1505, Time: 00:04:54

Health: -2/16      AC:  2    Str:  8    XL:     2   Next: 66%
Magic:  4/6        EV: 15    Int: 15    God:
Gold:   14         SH:  0    Dex: 14    Spells: 2/5 levels left

rFire    . . .     SeeInvis .   f - +0 short sword
rCold    . . .     Gourm    .   (no shield)
rNeg     . . .     Faith    .   a - +0 robe
rPois    .         Spirit   .   (helmet restricted)
rElec    .         Reflect  .   (no cloak)
rCorr    .         Harm     .   (no gloves)
MR       .....                  (boots unavailable)
Stlth    ++........             (no amulet)
HPRegen  0.05/turn              (no ring)
MPRegen  0.10/turn              (no ring)

@: lethally poisoned (-2 -> -12), flying quickly and evasively, quick
A: beak, talons 3
a: no special abilities


You were on level 2 of the Dungeon.
You were not hungry.

You visited 1 branch of the dungeon, and saw 2 of its levels.

You collected 14 gold pieces.

Inventory:

Hand Weapons
 f - a +0 short sword (weapon)
Missiles
 b - 58 stones (quivered)
Armour
 a - a +0 robe (worn)
Comestibles
 c - 3 rations
 g - a chunk of flesh


   Skills:
 + Level 0.9 Fighting
 + Level 2.5 Dodging
 - Level 2.0 Stealth
 + Level 2.2 Spellcasting
 + Level 5.0 Summonings


You had 2 spell levels left.
You knew the following spells:

 Your Spells              Type           Power        Failure   Level  Hunger
a - Summon Small Mammal   Summ           ###.         2%          1    #......
b - Call Imp              Summ           ###.....     4%          2    ###....

Your spell library contained the following spells:

 Spells                   Type           Power        Failure   Level  Hunger
 Call Canine Familiar     Summ           ###.....     9%          3    ###....
 Summon Guardian Golem    Hex/Summ       #.......     22%         3    ###....
 Summon Ice Beast         Ice/Summ       #.......     58%         4    #####..
 Summon Lightning Spire   Summ/Air       #.......     58%         4    #####..


Dungeon Overview and Level Annotations

Branches:
Dungeon (2/15)

Altars:


Innate Abilities, Weirdness & Mutations

You have a beak for a mouth.
You have claws for feet.


Message History

Your white imp closely misses the adder.
Unknown command.
You hit the adder but do no damage. Your kick misses the adder.
The adder is lightly wounded.
You feel sick. The adder bites you.
Your bat barely misses the adder.
An adder comes into view.
The leopard gecko closely misses you. The adder bites you.
* * * LOW HITPOINT WARNING * * *
You are more poisoned.
The adder poisons you!
Your white imp misses the adder.
The adder moves out of view.
Unknown command.
It was a potion of flight.
You feel very buoyant.
You swoop lightly up into the air.
* * * LOW HITPOINT WARNING * * *
You feel sick.
Your bat barely misses the leopard gecko.
Your bat hits the adder. The leopard gecko misses you. The adder bites you.
You die...

..... ##. ....
.. ...###+.##
........###
..........
######.........
!..<...b5......
... #lS..##...
.....#.@.......
.......<.......
.###...........
#...........
#....#(###..
......#.. .
...........
.......(....#
.##...... ..#


You could see an adder, a leopard gecko, a friendly white imp and a friendly
bat.

Vanquished Creatures
  A giant cockroach (D:1)
  A goblin (D:1)
  3 hobgoblins (D:1)
  2 jackals (D:1)
  2 bats
  3 kobolds
  A rat (D:1)
13 creatures vanquished.

Vanquished Creatures (collateral kills)
  A giant cockroach (D:1)
  A hobgoblin (D:1)
  A frilled lizard (D:1)
  2 kobolds (D:1)
5 creatures vanquished.

Grand Total: 18 creatures vanquished

Notes
Turn   | Place    | Note
-------+----------+-------------------------------------------
     0 | D:1      | 1994 the Tengu Summoner began the quest for the Orb.
     0 | D:1      | Reached XP level 1. HP: 10/10 MP: 4/4
   584 | D:1      | Reached XP level 2. HP: 15/16 MP: 4/6
   588 | D:1      | Learned a level 2 spell: Call Imp
   753 | D:1      | Reached skill level 5 in Summonings
  1505 | D:2      | Slain by an adder

Skill      XL: |  1  2 |
---------------+-------+-----
Summonings     | 5 |  5.0
Fighting       | |  0.9
Dodging        | |  2.5
Stealth        | |  2.0
Spellcasting   | |  2.2

Action                   || total
-------------------------++-------
Melee: Short sword       ||    27
       Kick              ||     9
       Club              ||     3
       Unarmed           ||     3
       Peck              ||     2
 Cast: Summon Small Mamm ||    16
       Call Imp          ||     2
  Use: Potion            ||     1
 Stab: Sleeping          ||     2
  Eat: Chunk             ||     2
Armor: Robe              ||     9
Dodge: Dodged            ||    41
